 Dungeon Crawl Stone Soup version 0.29.1-15-g9cfb28693d (webtiles) character file.

Game seed: 14975702251543389135

14164 hawla the Thaumaturge (level 12, -9/94 HPs)
             Began as a Meteoran Fire Elementalist on Mar 5, 2023.
             Was a Priest of Vehumet.
             Mangled by a death yak (12 damage)
             ... on level 4 of the Lair of Beasts.
             The game lasted 00:38:54 (6029 turns).

hawla the Thaumaturge (Meteoran Fire Elementalist)  Turns: 6029, Time: 00:38:55

Health: -9/94      AC: 13    Str: 11    XL:     12   Next: 75%
Magic:  30/38      EV: 15    Int: 20    God:    Vehumet [***...]
Gold:   487        SH:  0    Dex: 20    Spells: 20/35 levels left

rFire   . . .      SeeInvis .   b - +2 great sword (vamp)
rCold   . . .      Faith    .   (shield currently unavailable)
rNeg    + + .      Spirit   .   z - +0 robe of Mezcal {MP+9}
rPois   .          Reflect  .   q - +2 hat
rElec   .          Harm     .   (no cloak)
rCorr   .          Rampage  .   s - +1 pair of gloves of Responsibility {rN++}
Will    +....                   o - +0 pair of boots
Stlth   +.........              (no amulet)
HPRegen 0.00/turn               h - +4 ring of protection
MPRegen 0.26/turn               g - +6 ring of dexterity

@: inhibited regen, glowing
A: sense surroundings 2, otherworldly, glowing, explore regen, iridescent scales
1, dopey 1, inhibited regeneration, subdued magic 1
a: Renounce Religion


You were on level 4 of the Lair of Beasts.
You worshipped Vehumet.
Vehumet was most pleased with you.
You visited 3 branches of the dungeon, and saw 17 of its levels.
You also visited: Bailey.

You collected 697 gold pieces.
You spent 210 gold pieces at shops.

Inventory:

Hand Weapons
 b - a +2 vampiric great sword (weapon)
 k - a +0 quick blade
Armour
 o - a +0 pair of boots (worn)
 q - a +2 hat (worn)
 s - the +1 pair of gloves of Responsibility (worn) {rN++}
   (You found it in a bailey)

   rN:        It greatly protects you from negative energy.
 z - the +0 robe of Mezcal (worn) {MP+9}
   (You found it on level 10 of the Dungeon)

   MP:        It affects your magic capacity (+9).
Jewellery
 g - a +6 ring of dexterity (right hand)
 h - a +4 ring of protection (left hand)
Wands
 a - a wand of digging (5)
 i - a wand of polymorph (10)
 l - a wand of iceblast (11)
 w - a wand of quicksilver (13) (quivered)
Scrolls
 d - 5 scrolls of teleportation
 j - 2 scrolls of fear
 m - 2 scrolls of silence
 t - a scroll of identify
 y - a scroll of enchant weapon
Potions
 c - a potion of heal wounds
 e - 2 potions of flight
 n - 2 potions of curing
 p - a potion of might
 r - a potion of brilliance
 u - a potion of degeneration {unknown}
Miscellaneous
 f - a box of beasts


   Skills:
 + Level 5.2 Fighting
 * Level 6.9(7.1) Short Blades
 + Level 2.4(5.4) Long Blades
 + Level 5.3 Dodging
 - Level 1.4 Stealth
 + Level 12.3 Spellcasting
 + Level 9.7 Conjurations
 + Level 2.6 Hexes
 + Level 0.3 Translocations
 + Level 12.3 Fire Magic
 + Level 3.5 Earth Magic
 + Level 3.2 Evocations


You had 20 spell levels left.
You knew the following spells:

 Your Spells              Type           Power      Damage    Failure   Level
a - Foxfire               Conj/Fire      100%       2x1d9     1%          1
b - Scorch                Fire           94%        2d9       1%          2
c - Flame Wave            Conj/Fire      43%        2d11      1%          4
d - Stone Arrow           Conj/Erth      58%        3d10      1%          3
e - Blink                 Tloc           20%        N/A       6%          2
f - Dazzling Flash        Conj/Hex       56%        N/A       1%          3

Your spell library contained the following spells:

 Spells                   Type           Power      Damage    Failure   Level
 Magic Dart               Conj           100%       1d8       1%          1
 Sandblast                Erth           40%        2d10      1%          1
 Conjure Flame            Conj/Fire      43%        6-21      1%          3
 Ignite Poison            Fire/Tmut/Pois 22%        N/A       1%          3
 Inner Flame              Hex/Fire       32%        N/A       1%          3
 Mephitic Cloud           Conj/Pois/Air  19%        N/A       1%          3
 Sticky Flame             Conj/Fire      43%        2d6       1%          4
 Ensorcelled Hibernation  Hex/Ice        26%        N/A       3%          2
 Passwall                 Tmut/Erth      11%        N/A       3%          2
 Confusing Touch          Hex            17%        N/A       4%          3
 Tukima's Dance           Hex            17%        N/A       4%          3
 Irradiate                Conj/Tmut      12%        3d15      4%          5
 Call Imp                 Summ           9%         N/A       7%          2
 Sublimation of Blood     Necr           9%         N/A       7%          2
 Swiftness                Air            9%         N/A       14%         3
 Yara's Violent Unravell  Hex/Tmut       6%         3d5       21%         5
 Petrify                  Tmut/Erth      14%        N/A       22%         4
 Passage of Golubria      Tloc           10%        N/A       38%         4
 Manifold Assault         Tloc           10%        N/A       77%         5
 Enfeeble                 Hex            8%         N/A       100%        7
 Storm Form               Tmut/Air       4%         N/A       100%        7


Dungeon Overview and Level Annotations

Branches:
Dungeon (11/15) Zot: 1831  Temple (1/1) D:4 Zot: 584    Lair (5/5) D:11 Zot: 2334
    Orc (0/2) D:11         Bailey (visited)
  Swamp: Lair:2-3    Shoals: Lair:2-3     Snake: Lair:2-3    Spider: Lair:2-3
  Slime: Lair:4-5

Altars:
Ashenzari
Cheibriados
Dithmenos
Elyvilon
Fedhas
Gozag
Hepliaklqana
Kikubaaqudgha
Makhleb
Nemelex Xobeh
Qazlal
Ru
Sif Muna
Trog
Uskayaw
Vehumet
Wu Jian
Xom
Yredelemnul
Zin

Shops:
D:6 *   D:9 *

Annotations:
D:5 2 transporters, nroviw's ghost, novice DsCj
Lair:1 3 runed translucent doors, Jorhuh's ghost, novice MeFE


Innate Abilities, Weirdness & Mutations

You passively map the area around you.
You are easily found by Zot.
You glow in the dark.
You regain HP and MP as you explore.
You are partially covered in iridescent scales. (AC +2)
You are dopey. (Int -2)
You do not regenerate when monsters are visible.
Your spells are a little easier to cast, but a little less powerful.


Message History

Casting: Dazzling Flash (safe; 1% risk of failure)
Confirm with . or Enter, or press ? or * to list all spells.
You blink.
A komodo dragon comes into view.
Found a long sword.
The komodo dragon hisses angrily.
You feel a sense of dread.
b - a +2 vampiric great sword (weapon)
Casting: Blink (safe; 6% risk of failure)
Confirm with . or Enter, or press ? or * to list all spells.
Casting: Dazzling Flash (safe; 1% risk of failure)
Press: ? - help, Dir - look around, f - activate The death yak is dazzled.
The komodo dragon is dazzled.
Casting: Dazzling Flash (safe; 1% risk of failure)
Confirm with . or Enter, or press ? or * to list all spells.
Casting: Flame Wave (safe; 1% risk of failure)
Press: ? - help, Dir - look around, f - activate A wave of flame ripples out!
The flame wave engulfs the death yak.
The death yak is moderately wounded.
The flame wave engulfs the death yak.
The death yak is lightly wounded. (Press . to intensify the flame waves.)
The death yak gores you!
* * * LOW HITPOINT WARNING * * *
Unknown command.
You slice the death yak!!
The death yak is heavily wounded.
The death yak misses you. The death yak gores you!
* * * LOW HITPOINT WARNING * * *
The komodo dragon barely misses you.
Unknown command.
You slash the death yak!
You feel better.
The death yak is severely wounded.
You feel stable enough to blink again.
The komodo dragon is no longer blind.
The death yak gores you but does no damage. x2
The komodo dragon bites you!
* * * LOW HITPOINT WARNING * * *
The death yak gores you!
You die...

* * ,,,, , ##.#...##.. ,,
,#......., ,,#.#.....#..
, ,....... ,,,+......#..
, #...... P....##.. *
##.....# , ##...##.. , *,
##P.....## * #....#P.. *
, #.P.....P# #....###.
,........Y#######.....##.
......l@Y...>...........
,,,,,
..)....YY...............
,
........................
* ,,
........................
,
,.#.#...#.#######......##
* .. ...####* ##.....# *
* # ##.. * ,* #....## ,,
* #..,** , #....[** , ,,
*, , , ,


You could see 4 death yaks and a komodo dragon.

Vanquished Creatures
  2 hydras
  A two-headed ogre (D:11)
  An elephant (Lair:4)
  An ice statue (D:9)
  2 black mambas
  A cane toad (Lair:4)
  2 komodo dragons (Lair:4)
  5 trolls
  4 blink frogs (Lair:4)
  A vampire (D:11)
  A shadow (D:10)
  10 yaks
  A wyvern (D:8)
  A wraith (D:11)
  A steam dragon (D:8)
  3 vampire mosquitoes (D:10)
  An acid dragon (D:11)
  9 water moccasins
  11 orc warriors
  2 black bears (D:11)
  2 ice beasts
  A kobold brigand (D:10)
  3 bullfrogs
  A necrophage (D:4)
  A gnoll sergeant (D:9)
  9 scorpions
  13 wights
  17 killer bees
  3 gnoll boudas
  6 orc priests
  3 hounds
  3 iron imps (D:9)
  2 jellies
  4 iguanas
  10 orc wizards
  17 gnolls
  4 adders
  A white imp (D:8)
  3 worms
  A dart slug (D:3)
  48 orcs
  4 endoplasms
  A giant cockroach (D:3)
  12 goblins
  3 hobgoblins
  A jackal (D:5)
  2 quokkas
  5 ball pythons
  2 frilled lizards (D:3)
  7 kobolds
  3 rats
  11 bushes (D:6)
  A butterfly (D:4)
264 creatures vanquished.

Vanquished Creatures (collateral kills)
  4 foxfires (D:11)
4 creatures vanquished.

Vanquished Creatures (others)
  400 foxfires
  42 fungi
  34 plants
476 creatures vanquished.

Grand Total: 744 creatures vanquished

Notes
Turn   | Place    | Note
-------+----------+-------------------------------------------
     0 | D:1      | hawla the Meteoran Fire Elementalist began the quest for
                  | the Orb.
     0 | D:1      | Reached XP level 1. HP: 14/14 MP: 5/5
    79 | D:1      | Reached XP level 2. HP: 20/20 MP: 3/6
   283 | D:3      | Found a faded altar of an unknown god.
   299 | D:3      | Reached XP level 3. HP: 22/26 MP: 1/8
   387 | D:3      | Learned a level 2 spell: Scorch
   414 | D:3      | Noticed a scorpion
   421 | D:3      | Killed a scorpion
   422 | D:3      | Reached skill level 5 in Fire Magic
   422 | D:3      | Reached XP level 4. HP: 29/33 MP: 1/10
   422 | D:3      | Reached XP level 5. HP: 34/38 MP: 1/11
   427 | D:3      | Learned a level 4 spell: Flame Wave
   549 | D:4      | Noticed a necrophage
   549 | D:4      | Found a staircase to the Ecumenical Temple.
   559 | D:4      | Killed a necrophage
   560 | D:4      | Reached XP level 6. HP: 39/45 MP: 0/12
   600 | D:4      | Reached skill level 5 in Conjurations
   626 | D:4      | Reached XP level 7. HP: 18/51 MP: 0/14
   747 | Temple   | Entered the Ecumenical Temple
   921 | D:4      | Found a broken altar of Ashenzari.
  1024 | D:4      | Reached skill level 5 in Spellcasting
  1027 | D:4      | Reached XP level 8. HP: 53/58 MP: 6/16
  1062 | D:5      | Entered Level 5 of the Dungeon
  1103 | D:5      | Reached skill level 1 in Fighting
  1151 | D:5      | Identified the +3 leather armour of Heresy {rElec Dex+4}
  1155 | D:5      | Noticed nroviw's ghost (novice DsCj)
  1156 | D:5      | Found a transporter.
  1156 | D:5      | Noticed a hornet
  1161 | D:5      | Found a transporter.
  1514 | D:5      | Found an ancient bone altar of Kikubaaqudgha.
  1846 | D:6      | Gained mutation: You passively map the area around you.
                  | [Meteoran growth]
  1846 | D:6      | Reached XP level 9. HP: 46/64 MP: 6/20
  1853 | D:6      | Found a blossoming altar of Fedhas.
  1878 | D:6      | Found Xeimm's Assorted Antiques.
  1887 | D:6      | Bought a clear potion for 24 gold pieces
  1887 | D:6      | Bought a scroll of teleportation for 81 gold pieces
  1887 | D:6      | Bought a clear potion for 24 gold pieces
  1887 | D:6      | Bought a scroll of teleportation for 81 gold pieces
  1925 | D:6      | Reached skill level 1 in Short Blades
  2442 | D:7      | Found a radiant altar of Vehumet.
  2456 | D:7      | Became a worshipper of Vehumet
  2803 | D:8      | Found a flagged portal.
  2812 | Bailey   | Entered a bailey
  2818 | Bailey   | Learned a level 3 spell: Stone Arrow
  2825 | Bailey   | Reached skill level 5 in Short Blades
  2917 | Bailey   | Reached skill level 1 in Evocations
  3021 | Bailey   | Identified the +10 crystal plate armour of Etaff {Str-3
                  | Dex+5}
  3035 | Bailey   | Reached XP level 10. HP: 50/77 MP: 2/22
  3044 | Bailey   | Identified the +1 pair of gloves of Responsibility {rN++}
  3194 | Bailey   | Reached skill level 1 in Earth Magic
  3316 | Bailey   | Glimpsed the power of Zot.
  3373 | D:8      | Reached * piety under Vehumet
  3373 | D:8      | Offered knowledge of Shock by Vehumet.
  3927 | D:9      | Reached skill level 1 in Long Blades
  3954 | D:9      | Noticed an ice statue
  3967 | D:9      | Killed an ice statue
  4061 | D:9      | Offered knowledge of Freeze by Vehumet.
  4114 | D:9      | Reached ** piety under Vehumet
  4147 | D:9      | Reached XP level 11. HP: 49/82 MP: 9/25
  4282 | D:9      | Found a burning altar of Makhleb.
  4289 | D:9      | Learned a level 2 spell: Blink
  4369 | D:9      | Found Giotz's Goods Gallery.
  4571 | D:10     | Entered Level 10 of the Dungeon
  4730 | D:10     | Identified the +0 robe of Mezcal {MP+9}
  4927 | D:10     | Reached skill level 10 in Fire Magic
  4981 | D:10     | Reached skill level 10 in Spellcasting
  5093 | D:10     | Offered knowledge of Dazzling Flash by Vehumet.
  5178 | D:10     | Learned a level 3 spell: Dazzling Flash
  5270 | D:11     | Reached skill level 5 in Fighting
  5273 | D:11     | Reached *** piety under Vehumet
  5275 | D:11     | Found a staircase to the Lair.
  5304 | D:11     | Noticed a two-headed ogre
  5309 | D:11     | Killed a two-headed ogre
  5310 | D:11     | Reached XP level 12. HP: 93/94 MP: 28/28
  5345 | Lair:1   | Entered Level 1 of the Lair of Beasts
  5360 | Lair:1   | Identified a scroll of acquirement
  5363 | Lair:1   | Gained mutation: You do not regenerate when monsters are
                  | visible. [potion of mutation]
  5363 | Lair:1   | Gained mutation: You are dopey. (Int -2) [potion of
                  | mutation]
  5363 | Lair:1   | Gained mutation: Your spells are a little easier to cast,
                  | but a little less powerful. [potion of mutation]
  5363 | Lair:1   | Gained mutation: You are partially covered in iridescent
                  | scales. (AC +2) [potion of mutation]
  5364 | Lair:1   | Acquired the +8 rapier of the Stopping Gods {freeze, Int+7
                  | Dex+5}
  5461 | Lair:1   | Noticed a six-headed hydra
  5468 | Lair:1   | Killed a six-headed hydra
  5468 | Lair:1   | Offered knowledge of Sticky Flame by Vehumet.
  5469 | Lair:1   | Reached skill level 5 in Dodging
  5511 | Lair:1   | Found a runed translucent gate.
  5513 | Lair:1   | Found a runed translucent gate.
  5513 | Lair:1   | Found a runed translucent gate.
  5524 | Lair:1   | Noticed a minotaur
  5525 | Lair:1   | Noticed Jorhuh's ghost (novice MeFE)
  5579 | Lair:2   | Noticed an eight-headed hydra
  5586 | Lair:2   | Killed an eight-headed hydra
  5587 | Lair:2   | Reached skill level 1 in Hexes
  5845 | Lair:5   | Entered Level 5 of the Lair of Beasts
  5845 | Lair:5   | Noticed a lindwurm
  6015 | Lair:5   | Noticed a death yak
  6015 | Lair:5   | Noticed a death yak
  6015 | Lair:5   | Noticed a death yak
  6015 | Lair:5   | Noticed a death yak
  6015 | Lair:5   | Noticed a death yak
  6029 | Lair:4   | HP: 3/94 [komodo dragon (15)]
  6029 | Lair:4   | Mangled by a death yak

Illustrated notes

Levels and vault maps discovered:
D:1:      wander_arrival_estate, layout_basic, palyth_stone_intersect
D:2:      minmay_skewed_foursquare, layout_basic
D:3:      layout_loops_ring, nicolae_ecumenical_pavilion,
          minmay_misc_feat_square
D:4:      layout_rooms, ashenzari_altar_1, minmay_temple_entry_butterflies
D:5:      layout_basic, kiku_gazebo_garden_becter, gammafunk_ghost_hive,
          minmay_between
D:6:      layout_rooms, mainiacjoe_overflow_small_starburst, serial_shops,
          nicolae_shop_crystal, minmay_hedge_maze, grunt_decor_resistance
D:7:      layout_loops_ring, minmay_overflow_temple_star_quad, uniq_joseph
D:8:      layout_basic, enter_bailey_3
D:9:      layout_rooms, demons_altar, minivault_16, nicolae_alphabet_shops,
          minivault_5, minmay_misc_feat_chi, item_on_display_b
D:10:     layout_irregular_city
D:11:     layout_irregular_city, due_lair_maze_entry_diamond, orc_david_3,
          serial_column_ruins, column_ruins_columns_corner,
          column_ruins_open_medium, column_ruins_corridor_corner,
          column_ruins_open_small, column_ruins_open_small,
          column_ruins_columns_straight
Temple:   minmay_freezing_vapour_temple
Lair:1:   layout_cave_pods, maelrawn_ghost_gauntlet_escape, grunt_megastairs_3
Lair:2:   layout_big_grid, guppyfry_snake_entry_island, grunt_megastairs_5
Lair:3:   layout_hall_layers, swamp_mist_pool, uniq_nergalle
Lair:4:   layout_regular_city, minmay_slime_entry_oklob_open
Lair:5:   minmay_lair_end_frog_pond, layout_loops_ring,
          infiniplex_staircase_pool

Skill      XL: |  1  2  3  4  5  6  7  8  9 10 11 12 |
---------------+-------------------------------------+-----
Fire Magic     | 4 5 6 7 8 9 11 12 | 12.3
Spellcasting   | 3 4 5 6 7 9 11 12 | 12.3
Conjurations   | 3 5 6 7 8 9 |  9.7
Dodging        | 3 4 5 |  5.3
Fighting       | 1 3 4 5 |  5.2
Short Blades   | 5 6 |  6.9
Evocations     | 2 3 |  3.2
Earth Magic    | 2 3 |  3.5
Long Blades    | 1 2 |  2.4
Hexes          | 2 |  2.6
Stealth        | |  1.4
Translocations | |  0.3

Action                   |  1- 3 |  4- 6 |  7- 9 | 10-12 || total
-------------------------+-------+-------+-------+-------++-------
Melee: Unarmed           |     9 |    10 |     5 |       ||    24
       Punch             |       |     1 |     1 |     5 ||     7
       Quick blade       |       |       |    20 |   128 ||   148
       Great sword       |       |       |       |    11 ||    11
 Cast: Foxfire           |    37 |    30 |   111 |    60 ||   238
       Scorch            |     2 |     6 |    53 |    63 ||   124
       Flame Wave        |       |     2 |     9 |    40 ||    51
       Stone Arrow       |       |       |    11 |    33 ||    44
       Dazzling Flash    |       |       |       |    16 ||    16
       Blink             |       |       |       |     2 ||     2
Evoke: Wand              |       |       |       |     7 ||     7
  Use: Scroll            |     2 |       |     8 |     9 ||    19
       Potion            |       |     1 |     7 |     3 ||    11
 Stab: Invisible         |       |       |       |     1 ||     1
Armor: Robe              |     7 |    17 |    25 |    88 ||   137
Dodge: Dodged            |     7 |    14 |    47 |   176 ||   244
